[ AOE2 MATCH · #508009220 ]
UnrankedWu vs Malians
Player's team · WIN
Rival team · LOSS
[ REPLAY ANALYSIS · EXTRACTED FROM THE RECORDED GAME ]
Feudal
10:55
Castle
20:29
Imperial
39:18
| APM avg | 70.8 |
| APM peak | 138 |
| eAPM avg | 33.7 |
| Villagers / military | 177 / 87 |
Focus
⚔️ 53.8% · 🌾 46.2%
Archer ×41 · Unknown (1974) ×32 · Skirmisher ×25 · Mangonel ×11 · Militia ×6 · Unknown (1968) ×5
Feudal
9:24
Castle
21:39
Imperial
—
| APM avg | 51.2 |
| APM peak | 83 |
| eAPM avg | 24.1 |
| Villagers / military | 104 / 128 |
Focus
⚔️ 38.1% · 🌾 61.9%
Archer ×67 · Gbeto ×38 · Mangonel ×14 · Knight ×4 · Militia ×3 · Spearman ×1
Match map
Initial resources + every placement click. Lines = walls · curves = elevation contours. ◆ gold · ⬟ stone · ● berries · ✦ relic · ◌ wall gap
Your base· ✓ Closed at 20:29 · 46t walls · 1 gate(s)
_DY_孟川's base· Open — 4t gap
Smoothed initial terrain · ◌ = detected wall gap · hover for details
Inputs per minute
— [LuB]myqbox - - _DY_孟川
Build order — [LuB]myqbox
First 150 of 499 actions detected
| 0:00 | Create | Villager (Male) |
| 0:00 | Create | Villager (Male) |
| 0:02 | Build | House |
| 0:02 | Build | House |
| 0:04 | Build | House |
| 0:10 | Create | Villager (Male) |
| 0:15 | Create | Villager (Male) |
| 1:25 | Create | Villager (Male) |
| 1:52 | Create | Villager (Male) |
| 1:56 | Build | Lumber Camp |
| 2:17 | Create | Villager (Male) |
| 2:37 | Create | Villager (Male) |
| 3:07 | Create | Villager (Male) |
| 3:16 | Create | Villager (Male) |
| 3:38 | Create | Villager (Male) |
| 4:29 | Create | Villager (Male) |
| 4:47 | Build | Barracks |
| 4:52 | Create | Villager (Male) |
| 5:04 | Create | Villager (Male) |
| 5:12 | Build | House |
| 5:20 | Create | Villager (Male) |
| 5:43 | Create | Militia |
| 5:44 | Create | Militia |
| 5:49 | Create | Villager (Male) |
| 6:05 | Create | Villager (Male) |
| 6:08 | Create | Militia |
| 6:27 | Build | Mill |
| 6:53 | Create | Villager (Male) |
| 7:10 | Create | Villager (Male) |
| 7:14 | Build | House |
| 7:43 | Build | Palisade Wall |
| 7:51 | Create | Villager (Male) |
| 8:01 | Build | Palisade Wall |
| 8:06 | Research | Loom |
| 8:20 | Build | House |
| 8:29 | Build | Palisade Wall |
| 8:32 | Build | Palisade Wall |
| 8:34 | Build | Palisade Wall |
| 8:35 | Build | Palisade Wall |
| 8:36 | Research | Feudal Age |
| 8:36 | Research | Feudal Age |
| 8:49 | Build | Palisade Wall |
| 9:01 | Build | Palisade Wall |
| 9:03 | Build | Palisade Wall |
| 9:08 | Build | Palisade Wall |
| 9:10 | Build | Palisade Wall |
| 9:16 | Build | Palisade Wall |
| 9:25 | Build | Mill |
| 9:27 | Create | Villager (Male) |
| 9:56 | Create | Villager (Male) |
| 10:09 | Build | Mining Camp |
| 10:39 | Build | House |
| 10:55 | Age | Feudal Age |
| 10:58 | Build | Archery Range |
| 11:03 | Research | Double-Bit Axe |
| 11:28 | Create | Villager (Male) |
| 11:49 | Create | Villager (Male) |
| 11:52 | Create | Skirmisher |
| 12:03 | Create | Villager (Male) |
| 12:07 | Build | Blacksmith |
| 12:15 | Research | Horse Collar |
| 12:24 | Create | Archer |
| 12:32 | Build | Farm |
| 12:39 | Build | Farm |
| 13:00 | Create | Villager (Male) |
| 13:04 | Build | Farm |
| 13:06 | Build | Farm |
| 13:09 | Create | Archer |
| 13:10 | Research | Fletching |
| 13:15 | Create | Villager (Male) |
| 13:19 | Build | House |
| 13:24 | Create | Villager (Male) |
| 13:48 | Build | Farm |
| 13:53 | Build | Farm |
| 13:54 | Build | Farm |
| 13:55 | Build | Farm |
| 13:59 | Create | Villager (Male) |
| 14:09 | Create | Archer |
| 14:13 | Build | Palisade Gate |
| 14:23 | Build | Farm |
| 14:25 | Create | Archer |
| 14:27 | Create | Villager (Male) |
| 14:44 | Build | House |
| 14:50 | Build | House |
| 14:51 | Build | House |
| 14:52 | Build | House |
| 14:54 | Create | Archer |
| 14:56 | Create | Villager (Male) |
| 15:05 | Build | Farm |
| 15:22 | Build | Farm |
| 15:33 | Create | Archer |
| 15:33 | Create | Villager (Male) |
| 15:34 | Create | Villager (Male) |
| 15:37 | Build | Farm |
| 15:47 | Research | Padded Archer Armor |
| 15:49 | Create | Archer |
| 15:49 | Create | Villager (Male) |
| 16:04 | Build | Farm |
| 16:27 | Build | Farm |
| 16:32 | Create | Archer |
| 16:42 | Create | Villager (Male) |
| 17:32 | Create | Archer |
| 17:49 | Research | Castle Age |
| 17:54 | Build | Archery Range |
| 18:06 | Build | Lumber Camp |
| 18:09 | Create | Archer |
| 18:16 | Build | House |
| 18:42 | Research | Gold Mining |
| 18:43 | Create | Archer |
| 18:48 | Build | Lumber Camp |
| 18:54 | Create | Archer |
| 18:55 | Research | Padded Archer Armor |
| 18:59 | Create | Villager (Male) |
| 19:17 | Create | Archer |
| 19:20 | Create | Villager (Male) |
| 19:25 | Create | Archer |
| 19:51 | Create | Archer |
| 20:02 | Build | Archery Range |
| 20:10 | Create | Archer |
| 20:19 | Create | Villager (Male) |
| 20:26 | Build | House |
| 20:27 | Build | House |
| 20:27 | Build | House |
| 20:29 | Age | Castle Age |
| 20:31 | Research | Crossbowman (upgrade) |
| 20:32 | Research | Bodkin Arrow |
| 20:41 | Build | University |
| 20:47 | Create | Archer |
| 20:48 | Create | Archer |
| 20:58 | Create | Villager (Male) |
| 21:03 | Research | Bow Saw |
| 21:04 | Create | Villager (Male) |
| 21:14 | Create | Archer |
| 21:16 | Create | Archer |
| 21:24 | Create | Archer |
| 21:29 | Create | Villager (Male) |
| 21:41 | Create | Villager (Male) |
| 21:45 | Research | Town Watch |
| 21:45 | Research | Town Watch |
| 21:47 | Create | Villager (Male) |
| 21:53 | Create | Villager (Male) |
| 22:10 | Research | Ballistics |
| 22:10 | Research | Ballistics |
| 22:11 | Create | Villager (Male) |
| 22:15 | Create | Archer |
| 22:31 | Create | Villager (Male) |
| 22:34 | Create | Archer |
| 22:45 | Create | Archer |
| 22:47 | Create | Villager (Male) |
| 22:49 | Build | Town Center |
Build order — _DY_孟川
First 150 of 364 actions detected
| 0:01 | Create | Villager (Male) |
| 0:02 | Build | House |
| 0:03 | Build | House |
| 0:07 | Create | Villager (Male) |
| 0:07 | Create | Villager (Male) |
| 0:07 | Create | Villager (Male) |
| 1:23 | Create | Villager (Male) |
| 1:50 | Build | Lumber Camp |
| 2:00 | Create | Villager (Male) |
| 2:00 | Create | Villager (Male) |
| 2:16 | Create | Villager (Male) |
| 2:47 | Create | Villager (Male) |
| 3:03 | Create | Villager (Male) |
| 3:28 | Build | Mill |
| 3:36 | Create | Villager (Male) |
| 3:56 | Create | Villager (Male) |
| 4:26 | Build | House |
| 4:36 | Create | Villager (Male) |
| 4:44 | Create | Villager (Male) |
| 5:31 | Create | Villager (Male) |
| 5:47 | Create | Villager (Male) |
| 6:03 | Build | Barracks |
| 6:15 | Research | Loom |
| 6:28 | Build | House |
| 6:31 | Build | Palisade Wall |
| 6:32 | Build | Palisade Wall |
| 6:49 | Create | Villager (Male) |
| 7:07 | Build | Palisade Wall |
| 7:11 | Research | Feudal Age |
| 7:36 | Build | Palisade Wall |
| 7:46 | Build | Mining Camp |
| 7:53 | Build | Palisade Wall |
| 7:55 | Build | Palisade Wall |
| 7:56 | Build | Palisade Wall |
| 7:57 | Build | Palisade Wall |
| 8:03 | Build | Palisade Wall |
| 8:07 | Build | Palisade Wall |
| 8:09 | Build | Palisade Wall |
| 8:10 | Create | Militia |
| 8:11 | Create | Militia |
| 8:16 | Build | Palisade Wall |
| 8:17 | Build | Palisade Wall |
| 8:19 | Build | Palisade Wall |
| 8:33 | Create | Militia |
| 9:18 | Build | House |
| 9:24 | Age | Feudal Age |
| 9:34 | Research | Man-at-Arms (upgrade) |
| 9:36 | Create | Villager (Male) |
| 9:41 | Build | Archery Range |
| 9:49 | Create | Villager (Male) |
| 10:09 | Create | Villager (Male) |
| 10:32 | Create | Archer |
| 10:37 | Create | Villager (Male) |
| 10:46 | Build | Mill |
| 10:47 | Create | Spearman |
| 10:57 | Create | Villager (Male) |
| 11:29 | Create | Archer |
| 11:34 | Build | House |
| 11:50 | Create | Archer |
| 11:55 | Create | Villager (Male) |
| 12:01 | Build | Farm |
| 12:04 | Build | Farm |
| 12:08 | Build | House |
| 12:24 | Build | Blacksmith |
| 12:28 | Build | Palisade Wall |
| 12:37 | Build | Farm |
| 12:38 | Build | Farm |
| 12:39 | Create | Villager (Male) |
| 12:58 | Build | Farm |
| 13:04 | Create | Archer |
| 13:09 | Create | Villager (Male) |
| 13:40 | Create | Villager (Male) |
| 13:47 | Build | Farm |
| 13:48 | Create | Villager (Male) |
| 13:48 | Create | Villager (Male) |
| 13:56 | Create | Archer |
| 13:57 | Create | Archer |
| 14:05 | Build | Farm |
| 14:05 | Create | Villager (Male) |
| 14:16 | Build | Palisade Wall |
| 14:17 | Build | Palisade Wall |
| 14:18 | Create | Villager (Male) |
| 14:26 | Build | Palisade Wall |
| 14:30 | Build | House |
| 14:39 | Build | Farm |
| 14:43 | Create | Archer |
| 14:44 | Create | Villager (Male) |
| 14:47 | Build | Palisade Wall |
| 15:15 | Research | Fletching |
| 15:15 | Research | Fletching |
| 15:19 | Build | House |
| 15:20 | Build | Palisade Wall |
| 15:21 | Create | Archer |
| 15:25 | Build | Farm |
| 15:46 | Create | Villager (Male) |
| 15:58 | Create | Archer |
| 16:04 | Create | Villager (Male) |
| 16:06 | Build | Farm |
| 16:09 | Build | Farm |
| 16:10 | Build | Farm |
| 16:11 | Create | Villager (Male) |
| 16:19 | Create | Archer |
| 16:33 | Build | House |
| 16:36 | Create | Archer |
| 16:39 | Create | Villager (Male) |
| 17:03 | Create | Villager (Male) |
| 17:17 | Create | Villager (Male) |
| 17:33 | Build | Market |
| 17:45 | Create | Archer |
| 18:10 | Create | Villager (Male) |
| 18:12 | Create | Archer |
| 18:51 | Build | Archery Range |
| 18:59 | Research | Castle Age |
| 19:00 | Create | Archer |
| 19:00 | Create | Archer |
| 19:05 | Build | House |
| 19:23 | Create | Archer |
| 19:24 | Create | Archer |
| 19:24 | Create | Archer |
| 19:30 | Build | House |
| 19:48 | Research | Horse Collar |
| 19:49 | Research | Double-Bit Axe |
| 19:54 | Build | House |
| 19:55 | Create | Archer |
| 20:09 | Build | House |
| 20:10 | Build | House |
| 20:12 | Create | Archer |
| 20:52 | Build | House |
| 20:56 | Build | House |
| 21:39 | Age | Castle Age |
| 21:41 | Research | Crossbowman (upgrade) |
| 21:42 | Research | Bodkin Arrow |
| 21:44 | Research | Town Watch |
| 21:45 | Create | Villager (Male) |
| 21:45 | Create | Villager (Male) |
| 21:48 | Build | University |
| 22:33 | Research | Ballistics |
| 22:35 | Create | Villager (Male) |
| 22:36 | Create | Villager (Male) |
| 23:07 | Research | Padded Archer Armor |
| 23:12 | Create | Villager (Male) |
| 23:12 | Create | Villager (Male) |
| 23:16 | Create | Villager (Male) |
| 23:21 | Create | Villager (Male) |
| 23:22 | Create | Archer |
| 23:22 | Create | Archer |
| 23:22 | Create | Archer |
| 23:22 | Create | Archer |
| 23:39 | Create | Archer |
| 23:40 | Create | Archer |
Match timeline
| 4:47 | [LuB]myqbox · first_building Barracks |
| 6:03 | _DY_孟川 · first_building Barracks |
| 6:31 | _DY_孟川 · wall_segment Palisade Wall x1 |
| 6:32 | _DY_孟川 · wall_segment Palisade Wall x1 |
| 7:07 | _DY_孟川 · wall_segment Palisade Wall x6 |
| 7:36 | _DY_孟川 · wall_segment Palisade Wall x1 |
| 7:43 | [LuB]myqbox · wall_segment Palisade Wall x8 |
| 7:53 | _DY_孟川 · wall_segment Palisade Wall x1 |
| 7:55 | _DY_孟川 · wall_segment Palisade Wall x1 |
| 7:56 | _DY_孟川 · wall_segment Palisade Wall x1 |
| 7:57 | _DY_孟川 · wall_segment Palisade Wall x1 |
| 8:01 | [LuB]myqbox · wall_segment Palisade Wall x7 |
| 8:03 | _DY_孟川 · wall_segment Palisade Wall x1 |
| 8:07 | _DY_孟川 · wall_segment Palisade Wall x1 |
| 8:09 | _DY_孟川 · wall_segment Palisade Wall x1 |
| 8:16 | _DY_孟川 · wall_segment Palisade Wall x1 |
| 8:17 | _DY_孟川 · wall_segment Palisade Wall x1 |
| 8:19 | _DY_孟川 · wall_segment Palisade Wall x1 |
| 8:29 | [LuB]myqbox · wall_segment Palisade Wall x4 |
| 8:32 | [LuB]myqbox · wall_segment Palisade Wall x1 |
| 8:34 | [LuB]myqbox · wall_segment Palisade Wall x3 |
| 8:35 | [LuB]myqbox · wall_segment Palisade Wall x3 |
| 8:49 | [LuB]myqbox · wall_segment Palisade Wall x1 |
| 9:01 | [LuB]myqbox · wall_segment Palisade Wall x3 |
| 9:03 | [LuB]myqbox · wall_segment Palisade Wall x1 |
| 9:08 | [LuB]myqbox · wall_segment Palisade Wall x4 |
| 9:10 | [LuB]myqbox · wall_segment Palisade Wall x3 |
| 9:16 | [LuB]myqbox · wall_segment Palisade Wall x8 |
| 9:24 | _DY_孟川 · age_up feudal |
| 9:41 | _DY_孟川 · first_building Archery Range |
| 10:55 | [LuB]myqbox · age_up feudal |
| 10:58 | [LuB]myqbox · first_building Archery Range |
| 12:28 | _DY_孟川 · wall_segment Palisade Wall x1 |
| 14:16 | _DY_孟川 · wall_segment Palisade Wall x10 |
| 14:17 | _DY_孟川 · wall_segment Palisade Wall x1 |
| 14:26 | _DY_孟川 · wall_segment Palisade Wall x8 |
| 14:47 | _DY_孟川 · wall_segment Palisade Wall x1 |
| 15:20 | _DY_孟川 · wall_segment Palisade Wall x1 |
| 18:43 | _DY_孟川 · first_market_buy 100 food |
| 20:29 | [LuB]myqbox · age_up castle |
| 21:39 | _DY_孟川 · age_up castle |
| 22:24 | _DY_孟川 · first_market_sell 100 stone |
| 26:19 | _DY_孟川 · first_building Siege Workshop |
| 26:59 | [LuB]myqbox · first_building Siege Workshop |
| 27:50 | [LuB]myqbox · first_building Monastery |
| 35:01 | [LuB]myqbox · first_building Stable |
| 35:45 | [LuB]myqbox · first_market_sell 100 food |
| 36:24 | _DY_孟川 · first_building Stable |
| 37:43 | [LuB]myqbox · first_building Castle |
| 38:17 | _DY_孟川 · first_building Castle |
| 39:18 | [LuB]myqbox · age_up imperial |
| 40:20 | [LuB]myqbox · first_market_buy 100 stone |
| 43:56 | _DY_孟川 · resign |
[ AI ANALYSIS · 1 CREDIT ]
What really happened in this match?
Wolo.gg analyzes every decision: build order, eco, micro, common mistakes by bracket. Personalized analysis on WhatsApp or Discord in 30 seconds.
Civ guide
Wu
Perfil
Jugador #1334898